 Dungeon Crawl Stone Soup version 0.13-a0-3016-gcb2faac (webtiles) character file.

480 PolkaDot the Stinger (level 6, 0/41 HPs)
             Began as a Vampire Venom Mage on Sept 11, 2013.
             Killed by nerve-wracking pain
             ... invoked by Grinder
              (5 damage)
             ... on Level 3 of the Dungeon.
             The game lasted 00:15:10 (2926 turns).

PolkaDot the Stinger (Vampire Venom Mage)           Turns: 2926, Time: 00:15:10

HP   0/41        AC  4     Str  7      XL: 6   Next: 48%
MP  23/23        EV 17     Int 19      God:
Gold 95          SH  0     Dex 14      Spells:  4 memorised,  1 level left

Res.Fire  : . . .   See Invis. : +   t - +2,+0 sabre
Res.Cold  : . . .   Warding    : .   a - +0 robe
Life Prot.: . . .   Conserve   : .   (no shield)
Res.Poison: .       Res.Corr.  : .   (no helmet)
Res.Elec. : .       Clarity    : .   c - +1 cloak
Sust.Abil.: . .     Spirit.Shd : .   (no gloves)
Res.Mut.  : .       Stasis     : .   (no boots)
Res.Rott. : .       Flight     : .   (no amulet)
Saprovore : . . .                    o - +5 ring of evasion
                                     i - ring of magical power

@: regenerating quickly, very slightly contaminated, slightly resistant to
hostile enchantments, stealthy
A: bottle blood, fangs 3, see invisible, unbreathing
a: Bottle Blood


You were on level 3 of the Dungeon.
You were very full.

You visited 1 branch of the dungeon, and saw 3 of its levels.

You collected 75 gold pieces.

Inventory:

Hand weapons
 t - a +2,+0 sabre (weapon)
Armour
 a - a +0 robe (worn)
 c - a +1 cloak (worn)
Magical devices
 s - a wand of fireball (4)
Scrolls
 f - a scroll of magic mapping {unknown}
 g - a scroll of teleportation {unknown}
 h - a scroll of random uselessness {unknown}
 l - a scroll of identify
 m - a scroll of noise {unknown}
 n - 2 scrolls of fog {unknown}
 r - a scroll of fear {unknown}
Jewellery
 i - a ring of magical power (left hand)
 k - an uncursed ring of protection from cold {unknown}
 o - a +5 ring of evasion (right hand)
Potions
 e - a potion of restore abilities
 j - 2 potions of blood
Books
 b - a Young Poisoner's Handbook

   Spells                             Type                      Level
   *Sting                             Conjuration/Poison           1
   *Cure Poison                       Poison                       2
   *Mephitic Cloud                    Conjuration/Poison/Air       3
   *Olgreb's Toxic Radiance           Poison                       4
   Venom Bolt                         Conjuration/Poison           5


   Skills:
 - Level 2.1 Dodging
 - Level 3.0 Stealth
 + Level 3.3 Spellcasting
 * Level 6.3 Poison Magic


You had one spell level left.
You knew the following spells:

 Your Spells              Type           Power        Failure   Level  Hunger
a - Sting                 Conj/Pois      ###.         4%          1    None
d - Mephitic Cloud        Conj/Pois/Air  ##......     21%         3    ###....
q - Cure Poison           Pois           ####......   1%          2    ##.....
s - Olgreb's Toxic Radia  Pois           ####....     12%         4    ####...


Dungeon Overview and Level Annotations

Branches:
Dungeon (3/27)

Altars:

Annotations:
D:3 Grinder


Innate Abilities, Weirdness & Mutations

Your natural rate of healing is unusually fast.
You can bottle blood from corpses.
You have razor-sharp teeth.*
You have supernaturally acute eyesight.
You can survive without breathing.*


Message History

You hit Grinder.
Grinder is lightly wounded.
Grinder says, "My boss said I was rubbish.
His entrails said otherwise."
Grinder hits you.
You writhe in agony.
You hit Grinder.
Grinder is lightly wounded.
Grinder hits you.
* * * LOW HITPOINT WARNING * * *
You writhe in agony.
* * * LOW HITPOINT WARNING * * *
Read which item? (? for menu, Esc to quit)
Okay, then.
Read which item? (? for menu, Esc to quit)
As you read the scroll labeled YZXAF THOGH, it crumbles to dust.
Use on which item? (\ to view known items) (? for menu, Esc to quit)
s - a wand of fireball (4) It was a scroll of identify.
Grinder gestures at you. Pain shoots through your body!
You die...

#[# #.# ##### #.# #.#
....# #.# #.########
###.# #.# #.........
#.# #.# ########## #.#
#.# #.# #.# ##
###.####.##########.##
................@5.#.#
###################.#
## #.########## #.
###########
#..%5......# #.
..........#
##########.# #.
#########.# #.# #. #.#
#.# #. #.############
#.# #. ###
#...)........# #.# #.


You could see Grinder (invisible).

Vanquished Creatures
  A manticore (D:3)
  Crazy Yiuf (D:2)
  An orc priest (D:3)
  A worker ant (D:3)
  10 adders
  A giant mite (D:3)
  2 worms (D:2)
  5 giant geckos
  An ooze (D:1)
  3 orcs (D:3)
  A giant cockroach (D:3)
  7 goblins
  5 hobgoblins
  8 jackals (D:2)
  8 kobolds
  A quokka (D:3)
  4 bats
  5 giant newts
  12 rats
  A fungus (D:2)
78 creatures vanquished.

Notes
Turn   | Place    | Note
--------------------------------------------------------------
     0 | D:1      | PolkaDot, the Vampire Venom Mage, began the quest for the Orb.
     0 | D:1      | Reached XP level 1. HP: 13/13 MP: 4/4
   365 | D:1      | Reached XP level 2. HP: 14/19 MP: 5/5
   690 | D:1      | Reached skill level 4 in Poison Magic
   807 | D:2      | Learned a level 2 spell: Cure Poison
   930 | D:2      | Reached XP level 3. HP: 13/24 MP: 7/7
  1401 | D:2      | Reached XP level 4. HP: 22/30 MP: 7/9
  1550 | D:2      | Learned a level 4 spell: Olgreb's Toxic Radiance
  1583 | D:2      | Noticed Crazy Yiuf
  1594 | D:2      | Killed Crazy Yiuf
  1594 | D:2      | Reached skill level 5 in Poison Magic
  2041 | D:3      | Reached XP level 5. HP: 33/35 MP: 11/11
  2138 | D:3      | Noticed a manticore
  2159 | D:3      | Killed a manticore
  2159 | D:3      | Reached XP level 6. HP: 35/41 MP: 3/13
  2455 | D:3      | Reached skill level 6 in Poison Magic
  2750 | D:3      | Learned a level 3 spell: Mephitic Cloud
  2882 | D:3      | Noticed Grinder
  2926 | D:3      | Killed from afar by Grinder

Action                   |  1- 3 |  4- 6 || total
-------------------------+-------+-------++-------
Melee: Dagger            |    40 |       ||    40
       Unarmed           |    12 |       ||    12
       Short sword       |    92 |    60 ||   152
       Sabre             |       |     9 ||     9
 Cast: Sting             |    28 |   104 ||   132
       Cure Poison       |       |     2 ||     2
       Olgreb's Toxic Ra |       |     1 ||     1
 Abil: Bottle Blood      |       |     5 ||     5
  Use: Potion            |       |     6 ||     6
       Scroll            |       |     2 ||     2
 Stab: Sleeping          |     4 |     1 ||     5
